| 
	| TOP OF THE 1ST | 
|---|
 
		| Toronto Blue Jays batting - Pitching for Seattle Mariners : LHP Angel Contreras |  
		| Pitching: LHP Angel Contreras |  |  
		| Batting: RHB Danny Burnside | 0-0: Swinging Strike 0-1: Ball
 1-1: Foul Ball, location: 2F
 1-2: Strikes out swinging
 |  
		| Batting: LHB Jon Schick | 0-0: Ball 1-0: Called Strike
 1-1: Ball
 2-1: Ball
 3-1: Ground out 4-3 (Groundball, 4, EV 81.9 MPH)
 |  
		| Batting: RHB Ruben Velasco | 0-0: Foul Ball, location: 2F 0-1: Ball
 1-1: Ball
 2-1: Ball
 3-1: Base on Balls
 |  
		| Batting: RHB Kirk Arp | 0-0: Ball 1-0: Ball
 2-0: Called Strike
 2-1:  Fly out, F8  (Flyball, 8RXD, EV 100.6 MPH)
 |  
		| Top of the 1st over - 0 runs, 0 hits, 0 errors, 1 left on base; Toronto 0 - Seattle 0 |  
	| BOTTOM OF THE 1ST | 
|---|
 
		| Seattle Mariners batting - Pitching for Toronto Blue Jays : RHP Larry Legros |  
		| Pitching: RHP Larry Legros |  |  
		| Batting: LHB Dae-ik Yoon | 0-0: Called Strike 0-1: Foul Ball, location: 2F
 0-2: Ball
 1-2: Strikes out looking
 |  
		| Batting: SHB Floyd-William Goof | 0-0: Called Strike 0-1: SINGLE  (Groundball, 34D, EV 94.4 MPH)
 |  
		| Batting: LHB John Zumbo | 0-0: Ball Floyd-William Goof steals 2nd base
 1-0: Called Strike
 1-1: Ball
 2-1: Ball
 3-1: Foul Ball, location: 2F
 3-2: Ground out 6-3 (Groundball, 6, EV 91.9 MPH)
 Floyd-William Goof to third
 |  
		| Batting: SHB Tze-meng Gan | 0-0: Ball 1-0: Ball
 2-0: Called Strike
 2-1: Called Strike
 2-2: Strikes out looking
 |  
		| Bottom of the 1st over - 0 runs, 1 hit, 0 errors, 1 left on base; Toronto 0 - Seattle 0 |  
	| TOP OF THE 2ND | 
|---|
 
		| Toronto Blue Jays batting - Pitching for Seattle Mariners : LHP Angel Contreras |  
		| Batting: SHB Zory Larikov | 0-0: Ball 1-0: Called Strike
 1-1: Ball
 2-1: Called Strike
 2-2: Foul Ball, location: 2F
 2-2: Strikes out looking
 |  
		| Batting: LHB Josh Stuck | 0-0: Ball 1-0: Ball
 2-0: Ball
 3-0: Base on Balls
 |  
		| Batting: LHB Sam Dowdy | 0-0: Ball 1-0: Called Strike
 1-1: Ball
 2-1: Grounds into double play, 4-6-3 (Groundball, 4D, EV 89.4 MPH)
 |  
		| Top of the 2nd over - 0 runs, 0 hits, 0 errors, 0 left on base; Toronto 0 - Seattle 0 |  
	| BOTTOM OF THE 2ND | 
|---|
 
		| Seattle Mariners batting - Pitching for Toronto Blue Jays : RHP Larry Legros |  
		| Batting: RHB Jose Vasquez | 0-0: Ball 1-0: Called Strike
 1-1: Ball
 2-1: Called Strike
 2-2: Ground out 6-3 (Groundball, 6, EV 93.8 MPH)
 |  
		| Batting: RHB Steve Bartman Jr. | 0-0: Ball 1-0: Called Strike
 1-1: Foul Ball, location: 2F
 1-2: Ball
 2-2:  Fly out, F8  (Flyball, 8RM, EV 96.9 MPH)
 |  
		| Batting: RHB Corey Ottinger | 0-0: Ground out 6-3 (Groundball, 6, EV 83.1 MPH) |  
		| Bottom of the 2nd over - 0 runs, 0 hits, 0 errors, 0 left on base; Toronto 0 - Seattle 0 |  
	| TOP OF THE 3RD | 
|---|
 
		| Toronto Blue Jays batting - Pitching for Seattle Mariners : LHP Angel Contreras |  
		| Batting: RHB Tommy Mize | 0-0: Ball 1-0: Ball
 2-0: Foul Ball, location: 2F
 2-1:  Fly out, F4  (Popup, 4S, EV 71.3 MPH)
 |  
		| Batting: RHB Danny Heyer | 0-0: Ground out 6-3 (Groundball, 56, EV 98.8 MPH) |  
		| Batting: RHB Danny Burnside | 0-0: Called Strike 0-1: Ground out 6-3 (Groundball, 56, EV 86.9 MPH)
 |  
		| Top of the 3rd over - 0 runs, 0 hits, 0 errors, 0 left on base; Toronto 0 - Seattle 0 |  
	| BOTTOM OF THE 3RD | 
|---|
 
		| Seattle Mariners batting - Pitching for Toronto Blue Jays : RHP Larry Legros |  
		| Batting: LHB Jerrod Cluck | 0-0:  Fly out, F7  (Flyball, 7, EV 87.5 MPH) |  
		| Batting: RHB Young-kwang Ohnn | 0-0: Ground out 6-3 (Groundball, 6, EV 88.1 MPH) |  
		| Batting: LHB Dae-ik Yoon | 0-0: DOUBLE  (Groundball, 5L, EV 100.0 MPH) |  
		| Batting: SHB Floyd-William Goof | 0-0: Foul Ball, location: 2F 0-1: Swinging Strike
 0-2: Ground out U3 (Groundball, 34D, EV 85.0 MPH)
 |  
		| Bottom of the 3rd over - 0 runs, 1 hit, 0 errors, 1 left on base; Toronto 0 - Seattle 0 |  
	| TOP OF THE 4TH | 
|---|
 
		| Toronto Blue Jays batting - Pitching for Seattle Mariners : LHP Angel Contreras |  
		| Batting: LHB Jon Schick | 0-0: Ball 1-0: SINGLE  (Groundball, 4MD, EV 107.5 MPH) (infield hit)
 |  
		| Batting: RHB Ruben Velasco | 0-0: Ball 1-0: Ball
 2-0: Foul Ball, location: 2F
 2-1: Ball
 3-1: Base on Balls
 Jon Schick to second
 |  
		| Batting: RHB Kirk Arp | 0-0: Ball 1-0: Ball
 2-0: Ball
 3-0: Base on Balls
 Jon Schick to third
 Ruben Velasco to second
 |  
		| Batting: SHB Zory Larikov | 0-0: Ball 1-0: SINGLE  (Groundball, 13S, EV 69.4 MPH) (infield hit)
 Jon Schick scores
 Ruben Velasco to third
 Kirk Arp to second
 |  
		| Batting: LHB Josh Stuck | 0-0: Fielders Choice at 2nd, 3-6 (Groundball, 34S, EV 88.8 MPH) Ruben Velasco scores
 Kirk Arp to third
 |  
		| Batting: LHB Sam Dowdy | 0-0: Ball 1-0: Ball
 Josh Stuck is caught stealing 2nd base 2-6
 2-0: Foul Ball, location: 2F
 2-1: Ball
 3-1: Base on Balls
 |  
		| Batting: RHB Tommy Mize | 0-0: Ball 1-0: Ground out 1-3 (Groundball, 15S, EV 71.9 MPH)
 |  
		| Top of the 4th over - 2 runs, 2 hits, 0 errors, 2 left on base; Toronto 2 - Seattle 0 |  
	| BOTTOM OF THE 4TH | 
|---|
 
		| Seattle Mariners batting - Pitching for Toronto Blue Jays : RHP Larry Legros |  
		| Batting: LHB John Zumbo | 0-0: Ball 1-0: Foul Ball, location: 2F
 1-1: Ball
 2-1: Foul Ball, location: 2F
 2-2: Foul Ball, location: 2F
 2-2:  Fly out, F9  (Flyball, BS7, EV 104.4 MPH)
 |  
		| Batting: SHB Tze-meng Gan | 0-0: Ball 1-0: Called Strike
 1-1: Swinging Strike
 1-2: Ball
 2-2: Ball
 3-2: Base on Balls
 |  
		| Batting: RHB Jose Vasquez | 0-0: Ball 1-0: Called Strike
 1-1: Called Strike
 1-2: Ball
 2-2: Ball
 3-2: Strikes out swinging
 Tze-meng Gan is caught stealing 2nd base 2-4
 Batter strikes out.
 |  
		| Bottom of the 4th over - 0 runs, 0 hits, 0 errors, 0 left on base; Toronto 2 - Seattle 0 |  
	| TOP OF THE 5TH | 
|---|
 
		| Toronto Blue Jays batting - Pitching for Seattle Mariners : LHP Angel Contreras |  
		| Pitching: RHP Elias Gonzalez |  |  
		| Pinch Hitting: LHB Jody Hudson | 0-0: Called Strike 0-1: Swinging Strike
 0-2: Ball
 1-2:  Fly out, F8  (Flyball, 8LM, EV 88.1 MPH)
 |  
		| Batting: RHB Danny Burnside | 0-0: Ball 1-0: Ball
 2-0: Ball
 3-0: Base on Balls
 |  
		| Batting: LHB Jon Schick | 0-0: Swinging Strike 0-1: Foul Ball, location: 2F
 0-2: Foul Ball, location: 2F
 0-2: Fielders Choice at 2nd, 4-6 (Groundball, 4, EV 89.4 MPH)
 |  
		| Batting: RHB Ruben Velasco | 0-0: Ball 1-0: Foul Ball, location: 2F
 1-1: Foul Ball, location: 2F
 1-2: Foul Ball, location: 2F
 1-2: Ball
 2-2: Foul Ball, location: 2F
 2-2: TRIPLE  (Flyball, 8RXD, EV 111.9 MPH)
 Jon Schick scores
 |  
		| Batting: RHB Kirk Arp | 0-0: Ground out 6-3 (Groundball, 6, EV 91.9 MPH) |  
		| Top of the 5th over - 1 run, 1 hit, 0 errors, 1 left on base; Toronto 3 - Seattle 0 |  
	| BOTTOM OF THE 5TH | 
|---|
 
		| Seattle Mariners batting - Pitching for Toronto Blue Jays : RHP Larry Legros |  
		| Pitching: RHP Douglas ten Pas |  |  
		| Now at SS: Dylan Novakowski |  |  
		| Batting: RHB Steve Bartman Jr. | 0-0: Ball 1-0: Ball
 2-0: Called Strike
 2-1: Swinging Strike
 2-2: Strikes out looking
 |  
		| Batting: RHB Corey Ottinger | 0-0: Foul Ball, location: 2F 0-1:  SOLO HOME RUN  (Flyball, 7D, EV 100.0 MPH), Distance : 421 ft
 |  
		| Batting: LHB Jerrod Cluck | 0-0: Foul Ball, location: 2F 0-1: Ball
 1-1: Foul Ball, location: 2F
 1-2: Foul Ball, location: 2F
 1-2: Strikes out swinging
 |  
		| Batting: RHB Young-kwang Ohnn | 0-0: Called Strike 0-1: Ball
 1-1: Called Strike
 1-2: Strikes out swinging
 |  
		| Bottom of the 5th over - 1 run, 1 hit, 0 errors, 0 left on base; Toronto 3 - Seattle 1 |  
	| TOP OF THE 6TH | 
|---|
 
		| Toronto Blue Jays batting - Pitching for Seattle Mariners : RHP Elias Gonzalez |  
		| Batting: SHB Zory Larikov | 0-0: Ball 1-0: Ball
 2-0: Foul Ball, location: 2F
 2-1: Ground out U3 (Groundball, 3, EV 85.6 MPH)
 |  
		| Batting: LHB Josh Stuck | 0-0: Called Strike 0-1: Foul Ball, location: 2F
 0-2: Ball
 1-2: Ball
 2-2: Ball
 3-2: Foul Ball, location: 2F
 3-2: Strikes out swinging
 |  
		| Batting: LHB Sam Dowdy | 0-0:  Fly out, F7  (Flyball, 7LM, EV 103.8 MPH) |  
		| Top of the 6th over - 0 runs, 0 hits, 0 errors, 0 left on base; Toronto 3 - Seattle 1 |  
	| BOTTOM OF THE 6TH | 
|---|
 
		| Seattle Mariners batting - Pitching for Toronto Blue Jays : RHP Douglas ten Pas |  
		| Batting: LHB Dae-ik Yoon | 0-0: Swinging Strike 0-1: Swinging Strike
 0-2: Strikes out looking
 |  
		| Batting: SHB Floyd-William Goof | 0-0: Ball 1-0: Ball
 2-0: Ball
 3-0: Base on Balls
 |  
		| Batting: LHB John Zumbo | 0-0: Called Strike 0-1: Ball
 1-1: Grounds into double play, 6-4-3 (Groundball, 6, EV 107.5 MPH)
 |  
		| Bottom of the 6th over - 0 runs, 0 hits, 0 errors, 0 left on base; Toronto 3 - Seattle 1 |  
	| TOP OF THE 7TH | 
|---|
 
		| Toronto Blue Jays batting - Pitching for Seattle Mariners : RHP Elias Gonzalez |  
		| Pitching: RHP Jesse Crockett |  |  
		| Batting: RHB Tommy Mize | 0-0: Called Strike 0-1: Ground out 4-3 (Groundball, 4MS, EV 85.6 MPH)
 |  
		| Pitching: LHP David Anaya |  |  
		| Batting: SHB Dylan Novakowski | 0-0: Swinging Strike 0-1: Ball
 1-1: Reached on error, E4 (Groundball, 34, EV 98.8 MPH)
 |  
		| Batting: RHB Danny Burnside | 0-0: Ball 1-0: Foul Ball, location: 2F
 1-1: Foul Ball, location: 2F
 1-2: DOUBLE  (Line Drive, 9LM, EV 102.5 MPH)
 Dylan Novakowski to third
 |  
		| Batting: LHB Jon Schick | 0-0: Ball 1-0: Swinging Strike
 1-1: Swinging Strike
 1-2: Strikes out swinging
 |  
		| Batting: RHB Mike Strey | 0-0: Called Strike 0-1: Swinging Strike
 0-2: Foul Ball, location: 2F
 0-2: Ball
 1-2: Ball
 2-2: Strikes out looking
 |  
		| Top of the 7th over - 0 runs, 1 hit, 1 error, 2 left on base; Toronto 3 - Seattle 1 |  
	| BOTTOM OF THE 7TH | 
|---|
 
		| Seattle Mariners batting - Pitching for Toronto Blue Jays : RHP Douglas ten Pas |  
		| Pitching: RHP Alec Murphy |  |  
		| Batting: SHB Tze-meng Gan | 0-0: Ball 1-0: Called Strike
 1-1: Ball
 2-1: Foul Ball, location: 2F
 2-2: Ground out 5-3 (Groundball, 56, EV 78.8 MPH)
 |  
		| Batting: RHB Jose Vasquez | 0-0: Called Strike 0-1: Ball
 1-1:  Fly out, F4  (Popup, 4, EV 61.3 MPH)
 |  
		| Batting: RHB Steve Bartman Jr. | 0-0: Foul Ball, location: 2F 0-1: Foul Ball, location: 2F
 0-2:  Fly out, F8  (Flyball, 8LS, EV 95.6 MPH)
 |  
		| Bottom of the 7th over - 0 runs, 0 hits, 0 errors, 0 left on base; Toronto 3 - Seattle 1 |  
	| TOP OF THE 8TH | 
|---|
 
		| Toronto Blue Jays batting - Pitching for Seattle Mariners : LHP David Anaya |  
		| Pitching: RHP T.J. Stahlman |  |  
		| Pinch Hitting: LHB Michael Byrd | 0-0: Ball 1-0: Foul Ball, location: 2F
 1-1: Foul Ball, location: 2F
 1-2: Ball
 2-2:  Fly out, F8  (Line Drive, 8RD, EV 89.4 MPH)
 |  
		| Batting: SHB Zory Larikov | 0-0: Foul Ball, location: 2F 0-1: Ball
 1-1: Called Strike
 1-2: Strikes out looking
 |  
		| Batting: LHB Josh Stuck | 0-0: Called Strike 0-1: Ground out 4-3 (Groundball, 4M, EV 105.6 MPH)
 |  
		| Top of the 8th over - 0 runs, 0 hits, 0 errors, 0 left on base; Toronto 3 - Seattle 1 |  
	| BOTTOM OF THE 8TH | 
|---|
 
		| Seattle Mariners batting - Pitching for Toronto Blue Jays : RHP Alec Murphy |  
		| Now at 2B: Michael Byrd |  |  
		| Now in LF: Yoshinari Nara |  |  
		| Batting: RHB Corey Ottinger | 0-0: SINGLE  (Line Drive, 4D, EV 103.1 MPH) |  
		| Batting: LHB Jerrod Cluck | 0-0: Called Strike 0-1: Ball
 1-1: Grounds into double play, 5-4-3 (Groundball, 5D, EV 107.5 MPH)
 |  
		| Batting: RHB Young-kwang Ohnn | 0-0: Foul Ball, location: 2F 0-1: Ball
 1-1: Ball
 2-1: Ground out 2-3 (Groundball, 2R, EV 66.3 MPH)
 |  
		| Bottom of the 8th over - 0 runs, 1 hit, 0 errors, 0 left on base; Toronto 3 - Seattle 1 |  
	| TOP OF THE 9TH | 
|---|
 
		| Toronto Blue Jays batting - Pitching for Seattle Mariners : RHP T.J. Stahlman |  
		| Pinch Hitting: RHB Ryan Kinkead | 0-0: Called Strike 0-1: Ball
 1-1: Called Strike
 1-2: Strikes out swinging
 |  
		| Pinch Hitting: RHB Jerry Jauregui | 0-0: Foul Ball, location: 2F 0-1: Ball
 1-1: Called Strike
 1-2: Foul Ball, location: 2F
 1-2: Strikes out swinging
 |  
		| Batting: SHB Dylan Novakowski | 0-0: Called Strike 0-1: Ground out 4-3 (Groundball, 4, EV 84.4 MPH)
 |  
		| Top of the 9th over - 0 runs, 0 hits, 0 errors, 0 left on base; Toronto 3 - Seattle 1 |  
	| BOTTOM OF THE 9TH | 
|---|
 
		| Seattle Mariners batting - Pitching for Toronto Blue Jays : RHP Alec Murphy |  
		| Pitching: RHP J.J. Thompson |  |  
		| Now at 1B: Ryan Kinkead |  |  
		| Now at 3B: Jerry Jauregui |  |  
		| Pinch Hitting: RHB Jonathan Rangel | 0-0: Swinging Strike 0-1: Ball
 1-1: Swinging Strike
 1-2: Ball
 2-2: Foul Ball, location: 2F
 2-2: Strikes out swinging
 |  
		| Pinch Hitting: RHB Leon Alders | 0-0: Called Strike 0-1: Ball
 1-1: Foul Ball, location: 2F
 1-2: Ball
 2-2: Ball
 3-2: Strikes out swinging
 |  
		| Batting: RHB Ivan Colon | 0-0: Called Strike 0-1: Swinging Strike
 0-2: Foul Ball, location: 2F
 0-2: Ball
 1-2: Ball
 2-2: Foul Ball, location: 2F
 2-2: Strikes out swinging
 |  
		| Bottom of the 9th over - 0 runs, 0 hits, 0 errors, 0 left on base; Toronto 3 - Seattle 1 |  |